 Dungeon Crawl Stone Soup version 0.29.1 (webtiles) character file.

Game seed: 11319935983603528232

33 Icepheonix32 the Magician (level 3, -9/26 HPs)
             Began as a Merfolk Transmuter on Sept 13, 2022.
             Killed from afar by Sigmund (11 damage)
             ... with a puff of flame
             ... on level 2 of the Dungeon.
             The game lasted 00:01:51 (1911 turns).

Icepheonix32 the Magician (Merfolk Transmuter)      Turns: 1911, Time: 00:01:52

Health: -9/26      AC:  3    Str: 10    XL:     3   Next: 29%
Magic:  16/16      EV: 12    Int: 14    God:
Gold:   64         SH:  0    Dex: 14    Spells: 5/8 levels left

rFire   . . .      SeeInvis .     - Unarmed
rCold   . . .      Faith    .   (no shield)
rNeg    . . .      Spirit   .   a - +0 robe
rPois   .          Reflect  +   (no helmet)
rElec   .          Harm     .   k - +0 cloak
rCorr   .          Rampage  .   (no gloves)
Will    .....                   (no boots)
Stlth   +.........              l - amulet of reflection
HPRegen 0.08/turn               p - ring of magical power
MPRegen 0.15/turn               (no ring)

@: confused
A: (nimble swimmer 2), mertail
a: no special abilities


You were on level 2 of the Dungeon.
You visited 1 branch of the dungeon, and saw 2 of its levels.

You collected 64 gold pieces.

Inventory:

Armour
 a - a +0 robe (worn)
 k - a +0 cloak (worn)
Jewellery
 l - an amulet of reflection (around neck)
 p - a ring of magical power (left hand)
Scrolls
 c - 2 scrolls of identify
 g - a scroll of vulnerability {unknown}
 h - a scroll of noise {unknown}
 j - a scroll of poison {unknown}
Potions
 b - 2 potions of lignification
 d - a potion of brilliance {unknown}
 f - a potion of mutation {unknown}
 i - 2 potions of curing {unknown}
 m - a potion of might {unknown}
 n - a potion of haste {unknown}
 o - a potion of heal wounds {unknown}


   Skills:
 - Level 1.1 Fighting
 - Level 2.6 Dodging
 - Level 3.2 Unarmed Combat
 + Level 3.4 Spellcasting
 - Level 2.6 Transmutations


You had 5 spell levels left.
You knew the following spells:

 Your Spells              Type           Power      Damage    Failure   Level
a - Beastly Appendage     Tmut           18%        N/A       7%          1
b - Wereblood             Tmut           9%         N/A       11%         2

Your spell library contained the following spells:

 Spells                   Type           Power      Damage    Failure   Level
 Spider Form              Tmut/Pois      6%         N/A       34%         3
 Ice Form                 Ice/Tmut       6%         N/A       75%         4


Dungeon Overview and Level Annotations

Branches:
Dungeon (2/15)

Altars:

Shops:
D:1 [

Annotations:
D:2 Sigmund


Innate Abilities, Weirdness & Mutations

((You are very nimble when in or above water. (Stealth+, EV+, Speed+++)))
Your lower body shifts to a powerful aquatic tail in water.


Message History

Unknown command.
You bump into the rock wall.
You bump into the rock wall.
Sigmund casts a spell at you. The puff of flame hits you!
You bump into the rock wall.
You feel less confused.
As you read the scroll labelled UCSUCE TETIPIU, it crumbles to dust.
It is a scroll of identify.
e - a scroll of teleportation
As you read the scroll of teleportation, it crumbles to dust.
You feel strangely unstable. Sigmund gestures at you while chanting.
You resist with significant effort.
Unknown command.
Sigmund points at you and mumbles some strange words.
The puff of flame hits you!
Your surroundings suddenly seem different.
Sigmund is nearby!
Okay, then.
A hobgoblin comes into view.
You see here a frilled lizard skeleton.
Sigmund points at you and mumbles some strange words.
The magic dart hits you. Sigmund casts a spell at you.
You are confused.
There is a stone staircase leading up here.
Sigmund breathes a few words.
Sigmund's hands start flickering wildly.
Sigmund casts a spell at you. The puff of flame hits you!
* * * LOW HITPOINT WARNING * * *
In your confused state, you trip and fall back down the stairs.
* * * LOW HITPOINT WARNING * * *
Unknown command.
In your confused state, you trip and fall back down the stairs.
* * * LOW HITPOINT WARNING * * *
Sigmund points at you and mumbles some strange words.
The puff of flame hits you!
You die...

#.......# #@# #.#
#.......## #.# #@#
#........####.# #..
#........รท@...#
### #......##...#.#
# ###..@#####.#.# #
#........##...# #
#........###.## #
#.@......# #..## #
#........####..####
#..............g...
#########.####...#.
#..........
########.#. ... ..
#.# .#


You could see Sigmund.

Vanquished Creatures
  An adder (D:2)
  A worm (D:2)
  2 ball pythons
  2 bats (D:1)
  5 endoplasms (D:1)
  A goblin (D:1)
  2 hobgoblins (D:2)
  A quokka (D:1)
  2 frilled lizards
  A kobold (D:2)
  2 rats (D:2)
20 creatures vanquished.

Notes
Turn   | Place    | Note
-------+----------+-------------------------------------------
     0 | D:1      | Icepheonix32 the Merfolk Transmuter began the quest for the
                  | Orb.
     0 | D:1      | Reached XP level 1. HP: 15/15 MP: 3/3
    13 | D:1      | Found Xiqig's Armour Boutique.
   789 | D:1      | Reached XP level 2. HP: 21/21 MP: 3/5
  1539 | D:2      | Found a faded altar of an unknown god.
  1656 | D:2      | Learned a level 2 spell: Wereblood
  1679 | D:2      | Reached XP level 3. HP: 26/26 MP: 4/7
  1805 | D:2      | Noticed Sigmund
  1911 | D:2      | Killed from afar by Sigmund

Illustrated notes

Levels and vault maps discovered:
D:1:      dpeg_arrival_pits, layout_loops_ring, serial_co_window_serial,
          co_window_cross_1, co_window_of_opportunity_a,
          co_window_of_opportunity_a, co_window_of_opportunity_a,
          co_window_of_opportunity_a, co_window_corner_a, co_window_corner_a,
          co_window_broadway_a, co_window_broadway_b, co_window_corner_cb,
          co_window_2corner, co_window_paths_c, co_window_broadway_c,
          co_window_of_opportunity_b, serial_shops, shop
D:2:      layout_basic, shapermc_ecumenical_altar_notcrosses,
          serial_bayou_pond_e, minmay_fractal_squares_gapless_5, uniq_sigmund

Skill      XL: |  1  2 |
---------------+-------+-----
Spellcasting   | 3 |  3.4
Fighting       | |  1.1
Dodging        | |  2.6
Unarmed Combat | |  3.2
Transmutations | |  2.6

Action                   || total
-------------------------++-------
Melee: Unarmed           ||    58
       Headbutt          ||     7
       Punch             ||     2
 Cast: Beastly Appendage ||    17
       Wereblood         ||     1
  Use: Scroll            ||     2
Armor: Robe              ||    18
Dodge: Dodged            ||    33
